AoeStats
← blorfsky

Arena

510391133Analyzed
1v1 RM · 8h ago on Sep 30, 2026· 42m 39s· 2 players
Game mode
Random Map
Map size
Tiny (2 player)
Population
200
Speed
Normal
Resources
Standard
Victory
Conquest
Starting age
Dark Age
Ending age
Imperial Age
RankedLock teamsTeams togetherTeam positionsShared explorationLock speedFull tech treeHidden civsTurbo modeCheats
Victory
Defeat
🇬🇧 Burgundians · United Kingdom
860
+17
🇨🇭 Italians · Switzerland
875
-17
CastleInYourFace
3:11 Double-Bit Axe
12:46 Feudal Age
11:43 Horse Collar
13:56 Bow Saw
16:32 Castle Age
16:00 Bow Saw
16:19 Fletching
16:29 Padded Archer Armor
18:15 Wheelbarrow
17:11 Elite Skirmisher
18:17 Gold Mining
19:37 Gold Shaft Mining
24:44 Bodkin Arrow
25:04 Leather Archer Armor
25:44 Husbandry
28:37 Heavy Plow
29:40 Two-Man Saw
30:09 Leather Archer Armor
34:30 Imperial Age
32:31 Loom
33:08 Scale Barding Armor
36:18 Chemistry
36:25 Bracer
35:59 Cavalier
37:02 Chain Barding Armor
36:52 Forging
36:33 Pikeman
36:48 Light Cavalry
blorfsky
5:15 Loom
9:32 Feudal Age
13:53 Castle Age
11:49 Double-Bit Axe
12:15 Horse Collar
15:08 Wheelbarrow
19:39 Hand Cart
20:53 Heavy Plow
21:35 Bow Saw
22:22 Fletching
22:33 Padded Archer Armor
22:12 Man-at-Arms
23:00 Bodkin Arrow
23:39 Redemption
25:55 Thumb Ring
27:05 Padded Archer Armor
31:58 Light Cavalry
35:42 Imperial Age
34:19 Bloodlines
34:10 Husbandry
34:30 Leather Archer Armor
36:02 Scale Barding Armor
36:07 Forging
36:35 Ballistics
38:32 Elite Genoese Crossbowman
40:02 Iron Casting
39:48 Chain Barding Armor
39:29 Bracer
39:46 Hussar
Connection lost

Rejoining the realm…

Still unreachable

The connection could not be restored.

Session expired

The server has moved on; the page needs a fresh start.